Map: Triton LE

Players

Mez

  • Race: Terran Terran
  • League: Master
  • Spawn Location: 11:00

A.I. 1 (Very Easy) - Winner!

  • Race: Protoss Protoss
  • Spawn Location: 5:00

VOD

Have the link to the VOD?

Description

Time

  • Played on: Sept. 4, 2019, 1:29 a.m.
  • Length: 4:00
Show
View Real Time Build Order
Export as new Build Order

Mez Terran 

Build Orders:  

Get SALT Encoding   

  12  0:01  SCV  
  13  0:13  SCV  
  14  0:18  Supply Depot  
  14  0:25  SCV  
  15  0:39  SCV  
  15  0:42  Barracks  
  16  0:52  SCV  
  16  0:55  Refinery  
  17  1:04  SCV  
  18  1:17  SCV  
  19  1:36  Orbital Command  
  19  1:39  Reaper  
  20  1:40  Supply Depot  
  20  2:11  SCV, Reaper  
  22  2:23  Barracks  
  23  2:30  SCV  
  23  2:44  Reaper  
  24  2:56  SCV  
  25  3:10  SCV  
  26  3:13  Supply Depot  
  26  3:24  Barracks  
  26  3:30  Supply Depot  
  26  3:36  SCV  
  28  3:48  Supply Depot  
  28  3:54  Barracks  
Show
View Real Time Build Order
Export as new Build Order

A.I. 1 (Very Easy) Protoss - Winner!

Build Orders:  

Get SALT Encoding   

  12  0:00  Probe  
  13  0:13  Probe  
  14  0:19  Pylon  
  14  0:36  Assimilator  
  14  0:43  Gateway  
  14  0:46  Pylon  
  14  1:14  Assimilator  
  14  1:23  Zealot  
  14  1:24  Probe  
  14  1:32  Probe  
  17  1:33  Cybernetics Core  
  18  1:42  Probe  
  20  1:54  Probe  
  20  2:00  Warp Gate  
  20  2:02  Probe  
  21  2:10  Probe  
  22  2:39  Stalker  
Tags
 
League
Master
Matchup
PvT
Replay Pack
Spawningtool_Mez
Spawn Locations
Cross Positions
Add a new tag
Caveats
  • Supply blocks, unpowered buildings, or Contaminate may cause inaccurate times.
  • Supply counts are checked every 10 seconds.